Unix NetHack Version 5.0.0-0 post-release - last build Jun 10 2026 00:39:30 (3ee93aec679c4c4259841fe613dc97188e26a321,branch:main).

Game began 2026-06-11 19:33:50, ended 2026-06-11 21:50:59.

KraJa, chaotic male human Barbarian

          -------------------------
         --...%f..................--
        --....Yua+.................--
        -.....%@B....h......#.......-
       -."....Y'a..c.................-
      -...............................-
     -.................................|
    -......W....}}}}}}}}}}}}}..............
   -...........}}}}}}}}}}}}}}}................}}}}
  |...........}}}}}}}}}}}}}}}}}..............}}}}}
  --...........}}}}}}}}}}}}}}}................}}}}
   --.0......./.}}}}}}}}}}}}}...............j..}}}}
    --.................................| .......}}}}}
      -................h...*..........--    .....}}}}}}}}
      --.....?.......................--        ..............
       --...........................--           ................
        --.........................--               .................-
         --..............i=.......--                   .....>.......--
          -------------------------                    --------------

KraJa the Brigand          St:25 Dx:17 Co:18 In:7 Wi:10 Ch:7  Chaotic
Dlvl:11 $:21 HP:0(91) Pw:26(26) AC:-7 Xp:10/7322 T:15303 

Latest messages:
 You cannot escape from the owlbear!
 The owlbear misses!
 The owlbear hits!
 You are being crushed.
 The horse kicks!
 The horse misses!
 The raven bites!
 The raven misses!
 The soldier ant bites!
 The soldier ant misses!
 The soldier ant misses!
 The soldier ant stings!
 It hits!
 It hits again!
 The horse kicks!
 The horse misses!
 The raven just misses!
 The raven misses!
 The soldier ant misses!
 The soldier ant misses!
 You can see again.
 You are being held, and cannot go up.
 The owlbear hits!
 The owlbear hits again!
 You are being crushed.
 The horse misses!
 The horse bites!
 The pyrolisk attacks you with a fiery gaze!
 Your unlabeled scroll catches fire and burns!
 Your lamp called oil lamp named @ catches light!
 The raven misses!
 The raven misses!
 The soldier ant misses!
 The soldier ant misses!
 The soldier ant bites!
 The soldier ant stings!
 The soldier ant's sting was poisoned!
 The poison doesn't seem to affect you.
 The gold golem hits!
 The gold golem misses!
 The owlbear misses!
 The owlbear misses!
 The soldier ant just misses!
 The soldier ant stings!
 The soldier ant misses!
 The soldier ant misses!
 You are being held, and cannot go up.
 The owlbear hits!
 You die...
 Do you want your possessions identified? [ynq] (y)

Inventory:
 Coins    ('$')
  $ - 21 gold pieces
 Weapons  (')')
  b - an uncursed +0 aklys named @ (alternate weapon; not wielded)
  v - an uncursed +0 battle-axe named @
  a - the uncursed rustproof +0 Cleaver (weapon in hands)
 Armor    ('[')
  H - an uncursed +2 orcish helm named @ (being worn)
  G - an uncursed +0 pair of gauntlets of power named @ (being worn)
  B - an uncursed +1 pair of kicking boots (being worn)
  C - an uncursed thoroughly burnt +0 elven cloak named @ (being worn)
  A - an uncursed +0 dwarvish mithril-coat named @ (being worn)
 Comestibles  ('%')
  g - an uncursed lizard corpse
 Scrolls  ('?')
  h - 2 uncursed scrolls of blank paper
 Wands    ('/')
  E - an uncursed wand of cancellation (0:3)
  e - an uncursed wand of fire named @ (0:7)
  K - an uncursed wand of magic missile named @ (0:1)
 Tools    ('(')
  i - a blessed bag of holding named TP@117 containing 30 items
  w - an uncursed magic whistle named @
  l - a blessed oil lamp named @ (lit)
  p - an uncursed +0 pick-axe named @
  k - an uncursed skeleton key named @
  s - an uncursed stethoscope named @
  u - a blessed +0 unicorn horn named @
 Gems/Stones  ('*')
  o - an uncursed worthless piece of white glass
  n - an uncursed worthless piece of yellowish brown glass

Contents of the bag of holding named TP@117:
  515 gold pieces
  an uncursed amulet of reflection
  an uncursed +0 orcish helm
  an uncursed +0 orcish helm
  an uncursed +0 pair of iron shoes
  a blessed +0 dwarvish cloak
  an uncursed +0 mummy wrapping named @
  2 uncursed cram rations
  2 uncursed cream pies
  4 uncursed food rations
  3 uncursed fortune cookies
  4 uncursed tripe rations
  an uncursed lizard corpse
  an uncursed scroll of teleportation
  an uncursed spellbook of dig
  an uncursed spellbook of turn undead
  an uncursed spellbook of cure blindness
  an uncursed potion of paralysis
  a blessed potion of fruit juice
  a cursed potion of gain energy
  an uncursed potion of gain energy
  an uncursed potion of object detection
  a blessed potion of speed
  a cursed potion of oil
  an uncursed wand of light (0:11)
  an uncursed wand of magic missile named ~ (0:0)
  an uncursed wax candle
  an uncursed tinning kit (0:66)
  an uncursed worthless piece of green glass
  an uncursed worthless piece of violet glass

KraJa the Barbarian's attributes:

Background:
 You were a Brigand, a level 10 male human Barbarian.
 You were chaotic, on a mission for Set
 who was opposed by Mitra (lawful) and Crom (neutral).
 You were right-handed.
 You were in the Dungeons of Doom, on level 11, a very big room.
 You entered the dungeon 15303 turns ago.
 You had 7322 experience points, 2678 more were needed to attain level 11.

Basics:
 You had 0 out of 91 hit points.
 You had all 26 energy points (spell power).
 Your armor class was -7.
 Your wallet contained 21 zorkmids, and
 you had 515 more stashed away in your pack.
 Autopickup was on for all types, with exceptions.

Final Characteristics:
 Your strength was 25 (base:18/01, innate limit:18/100).
 Your dexterity was 17 (peak:18, limit:18).
 Your constitution was 18 (limit:18).
 Your intelligence was 7 (limit:18).
 Your wisdom was 10 (limit:18).
 Your charisma was 7 (limit:18).

Final Status:
 You were held by an owlbear (northwest).
 You weren't hungry.
 You were unencumbered.
 You were wielding an axe.
 You had expert skill with axe.

Final Attributes:
 You were piously aligned.
 You were poison resistant.
 You were telepathic.
 You were stealthy.
 You had a small defense bonus (+5).
 You were guarded.
 Your spell casting was impaired by metallic armor.
 You were fast.
 You were lucky.
 You are dead.

Miscellaneous:
 You didn't encounter any bones levels.
 Total elapsed playing time was 2 hours, 14 minutes and 55 seconds.

Major events:
 Turn
    1: KraJa the chaotic male human Barbarian entered the dungeon
 1182: attained the rank of Pillager (level 3)
 1642: entered the Gnomish Mines
 3302: attained the rank of Bandit (level 6)
 3407: reached Mine Town
 8739: entered Sokoban
 8921: completed 1st Sokoban level
 9259: completed 2nd Sokoban level
10223: completed 3rd Sokoban level
10802: completed 4th Sokoban level
10987: acquired the Sokoban bag of holding
12475: attained the rank of Brigand (level 10)
13058: entered the Bigroom
15110: was bestowed with Cleaver by Set
15303: killed by an owlbear

Spells:
 Name                 Level Category     Fail Retention
 cause fear             3   enchantment  100%  76%-100%

Skills:
 Fighting Skills
   bare handed combat [Basic]
   two weapon combat  [Unskilled]
   riding             [Unskilled]
 Weapon Skills
   dagger             [Unskilled]
   axe                [Expert]
   pick-axe           [Unskilled]
   short sword        [Basic]
   broadsword         [Unskilled]
   long sword         [Unskilled]
   two-handed sword   [Unskilled]
   saber              [Unskilled]
   club               [Basic]
   mace               [Unskilled]
   morning star       [Unskilled]
   flail              [Unskilled]
   hammer             [Unskilled]
   quarterstaff       [Unskilled]
   spear              [Unskilled]
   trident            [Unskilled]
   bow                [Unskilled]
 Spellcasting Skills
   attack spells      [Unskilled]
   escape spells      [Unskilled]

Voluntary challenges:
 Character rerolling was not enabled.
 You never genocided any monsters.
 You never polymorphed an object.
 You never changed form.
 You used no wishes.
 You did not violate any of the special Sokoban rules.
Achievements:
 You entered a shop.
 You attained the rank of Pillager.
 You entered the Gnomish Mines.
 You attained the rank of Bandit.
 You entered Minetown.
 You entered a temple.
 You entered Sokoban.
 You completed Sokoban.
 You attained the rank of Brigand.
 You entered the Big Room.

 The Dungeons of Doom: levels 1 to 11
    Level 1: "V"
    Level 2: "S"
       A general store, an altar to Set.
    Level 3:
       A ring shop.
       Stairs down to The Gnomish Mines.
    Level 4:
    Level 5:
       A fountain.
    Level 6:
    Level 7:
       Many fountains.
    Level 8: "V"
       Stairs up to Sokoban, level 7.
    Level 9: "V"
       An altar to Set.
    Level 10:
       A fountain.
    Level 11: <- You were here.
       A very big room.
       Final resting place for
          you, killed by an owlbear.
 The Gnomish Mines: levels 4 to 7
    Level 4:
    Level 5: "nymph"
    Level 6:
       Many shops, a temple and an altar, some fountains.
    Level 7:
 Sokoban: levels 7 up to 4
    Level 4:
       Solved.
    Level 5:
       Solved.
    Level 6:
       Solved.
    Level 7:
       Solved.


Vanquished creatures:
  2 giant mimics
  a large mimic
  3 stalkers
  a winter wolf
  a small mimic
  2 xans
  a sasquatch
  a large dog
  2 flaming spheres
  a large cat
  a tiger
  2 dwarf rulers
  2 tengu
 an ochre jelly
 an energy vortex
 an elf mummy
  a wraith
  a giant beetle
  a quivering blob
  a cockatrice
  a wolf
  a leprechaun
  2 giant spiders
  a scorpion
  3 horses
  3 ice vortices
  3 vampire bats
  a forest centaur
  a gnome ruler
  2 orc mummies
  a dwarf mummy
  a brown pudding
  a rust monster
  2 owlbears
  3 yetis
  a gold golem
  2 werewolves
  2 lizards
  a dingo
  a housecat
  3 jaguars
  2 dwarf leaders
  4 blue jellies
  a white unicorn
  a gray unicorn
  a dust vortex
  3 ravens
  2 plains centaurs
  a gnome mummy
  a snake
  4 apes
  a Woodland-elf
  a soldier ant
  9 bugbears
  4 wood nymphs
  3 water nymphs
 20 Mordor orcs
  3 Uruk-hai
  a rock piercer
  a pony
  3 fog clouds
  8 yellow lights
  3 shriekers
  a violet fungus
  7 gnome leaders
  5 gnomish wizards
  3 gray oozes
  5 elf zombies
  2 ghouls
  a straw golem
  2 paper golems
  5 giant ants
  2 little dogs
  4 floating eyes
  3 kittens
 11 dwarves
  a homunculus
  a kobold leader
  a kobold shaman
  7 hill orcs
  a rothe
  a rabid rat
  2 centipedes
  a giant bat
 an orc zombie
  a dwarf zombie
  a wererat
  2 werejackals
  6 iguanas
  8 killer bees
  6 acid blobs
  3 gas spores
  3 hobbits
  3 large kobolds
 18 hobgoblins
  4 giant rats
  9 cave spiders
  2 yellow molds
  2 green molds
  a red mold
 23 gnomes
  3 garter snakes
  a gnome zombie
  4 geckos
  8 jackals
  3 foxes
  3 kobolds
  9 goblins
  7 sewer rats
 11 grid bugs
  6 bats
  7 lichens
  a kobold zombie
 12 newts
374 creatures vanquished.

No species were genocided or became extinct.

Game over:
                       ----------
                      /          \
                     /    REST    \
                    /      IN      \
                   /     PEACE      \
                  /                  \
                  |      KraJa       |
                  |      536 Au      |
                  |   killed by an   |
                  |     owlbear      |
                  |                  |
                  |                  |
                  |       2026       |
                 *|     *  *  *      | *
        _________)/\\_//(\/(/\)/\//\/|_)_______

Goodbye KraJa the Barbarian...

You died in The Dungeons of Doom on dungeon level 11 with 26451 points,
and 536 pieces of gold, after 15303 moves.
You were level 10 with a maximum of 91 hit points when you died.

